 Dungeon Crawl Stone Soup version 0.30.1-11-g7821555f0a (webtiles) character file.

Game seed: 923450504314276759

1377 SKOLLIE the Slasher (level 8, 0/62 HPs)
             Began as a Human Fighter on Jan 3, 2024.
             Was an Initiate of Okawaru.
             Slain by a hornet (9 damage)
             ... on level 4 of the Dungeon on Jan 6, 2024.
             The game lasted 01:35:24 (6332 turns).

SKOLLIE the Slasher (Human Fighter)                 Turns: 6332, Time: 01:35:25

Health: 0/62       AC: 12    Str: 25    XL:     8   Next: 98%
Magic:  8/8        EV:  9    Int:  9    God:    Okawaru [......]
Gold:   219        SH:  6    Dex: 12    Spells: 7/7 levels left

rFire   x . .        l - +5 falchion (vamp)
rCold   + . .        c - +1 buckler
rNeg    . . .        m - +1 chain mail
rPois   .            w - +0 helmet
rElec   .            (no cloak)
rCorr   .            (no gloves)
SInv    .            (no boots)
Will    .....        (no amulet) Stlth
                     A - ring of ice
HPRegen 0.30/turn    o - +6 ring of strength
MPRegen 0.11/turn

%: no passive effects
@: about to teleport, attractive, slowed, very slow
A: no striking features
a: Renounce Religion


You were on level 4 of the Dungeon.
You worshipped Okawaru.
Okawaru was noncommittal.
You visited 1 branch of the dungeon, and saw 5 of its levels.
You also visited: Sewer.

You collected 219 gold pieces.

Inventory:

Hand Weapons
 a - a +0 long sword
 e - a +0 short sword
 g - a +0 whip
 j - a +2 flail of draining
 l - a +5 vampiric falchion (weapon)
Missiles
 d - 7 javelins
 x - 6 curare-tipped darts (quivered)
Armour
 b - a +1 scale mail
 c - a +1 buckler (worn)
 m - a +1 chain mail (worn)
 w - a +0 helmet (worn)
 C - an orb of guile
Jewellery
 o - a +6 ring of strength (right hand)
 q - a ring of resist corrosion
 A - a ring of ice (left hand)
Wands
 k - a wand of flame (9)
 F - a wand of polymorph (8)
Scrolls
 f - a scroll of magic mapping
 h - 2 scrolls of teleportation
 r - 3 scrolls of fear {unknown}
 u - 2 scrolls of fog {unknown}
 y - a scroll of torment {unknown}
 B - a scroll of poison {unknown}
 D - 2 scrolls of identify
Potions
 i - 4 potions of brilliance
 n - a potion of attraction
 p - a potion of resistance {unknown}
 s - a potion of ambrosia {unknown}
 t - a potion of flight {unknown}
 z - a potion of mutation {unknown}
 E - a potion of degeneration {unknown}


   Skills:
 - Level 5.0 Fighting
 * Level 6.4 Long Blades
 - Level 1.3 Throwing
 - Level 5.9 Armour
 - Level 1.6 Dodging
 - Level 0.8 Stealth
 - Level 5.1 Shields


You had 7 spell levels left.
You didn't know any spells.
Your spell library contained the following spells:

 Spells                   Type           Power      Damage    Failure   Level
 Apportation              Tloc           0%         N/A       93%         1
 Necrotise                Necr           0%         1d4       93%         1
 Slow                     Hex            0%         N/A       93%         1
 Blink                    Tloc           0%         N/A       98%         2
 Lesser Beckoning         Tloc           0%         N/A       98%         2
 Momentum Strike          Conj/Tloc      0%         3d8       98%         2
 Scorch                   Fire           0%         2d5       98%         2
 Sublimation of Blood     Necr           0%         N/A       98%         2
 Wereblood                Tmut           0%         N/A       98%         2
 Confusing Touch          Hex            0%         N/A       100%        3
 Vampiric Draining        Necr           0%         2d6       100%        3
 Flame Wave               Conj/Fire      0%         2d4       100%        4
 Manifold Assault         Tloc           0%         N/A       100%        4
 Agony                    Necr           0%         N/A       100%        5
 Storm Form               Tmut/Air       0%         N/A       100%        7
 Summon Small Mammal      Summ           Unusable   N/A       N/A         1
 Animate Dead             Necr           Unusable   N/A       N/A         4
 Summon Cactus Giant      Summ           Unusable   N/A       N/A         6
 Haunt                    Necr/Summ      Unusable   N/A       N/A         7
 Summon Hydra             Summ           Unusable   N/A       N/A         7
 Infestation              Necr           Unusable   N/A       N/A         8

Dungeon Overview and Level Annotations

Branches:
Dungeon (5/15)              Sewer (visited)
 Temple: D:4-7

Altars:
Gozag
Nemelex Xobeh
Okawaru


Message History

The hornet stings you.
You feel yourself slow down.
You can move again.
You hit the hornet.
You feel better.
The hornet is lightly wounded.
You feel yourself speed up.
You feel sick. The hornet barely misses you.
The hornet stings you but does no damage.
You closely miss the hornet.
The hornet is lightly wounded.
You feel sick.
You are no longer poisoned.
The hornet stings you.
You feel yourself slow down. The hornet stings you!
You are poisoned.
You feel as though you will be slow longer.
You feel very sick. The hornet closely misses you.
You feel sick. The hornet stings you.
You feel as though you will be slow longer.
You feel sick. The hornet stings you.
You feel as though you will be slow longer.
The adder is attracted toward you. The hornet attacks as you move away!
You block the hornet's attack.
You feel sick.
The hornet stings you but does no damage.
The hornet barely misses you.
You feel sick.
You are no longer poisoned.
The hornet stings you but does no damage.
There is a stone staircase leading up here.
The hornet stings you!
* * * LOW HITPOINT WARNING * * *
You feel as though you will be slow longer.
The hornet closely misses you.
You climb upwards.
There is a stone staircase leading down here.
Okay, then.
As you read the scroll of teleportation, it crumbles to dust.
You feel strangely unstable. You block the hornet's attack.
The hornet stings you!
You die...

#.............#
#.###########.# #.# #.# #.##
#.# #..♣♣♣♣♣♣♣♣♣#.#
######### #..........†..#
#........
#.#♣♣♣♣♣♣♣♣♣..###........
#.# #.................)..
#.# #...@..........#..P.P
#.######y####.......P..♣.
#.........# #........♣♣P♣
#..#####..# #......P.♣♣PP
#..#####..###.####.P♣♣ ♣P
#..#.......<..# #.P♣ ♣♣
####..#.#....########.♣♣ ♣♣
#......................♣♣♣♣P
#####.#.#..........###.P♣♣..


You could see a hornet.

Vanquished Creatures
  An ice beast (D:5)
  4 ogres
  A centaur (D:5)
  2 bullfrogs (Sewer)
  2 scorpions
  A hound (D:4)
  A jelly (D:5)
  4 orc priests
  An iguana (D:5)
  An orc wizard (D:4)
  Robin (D:3)
  17 adders
  5 gnolls
  4 river rats (Sewer)
  An ufetubus (D:5)
  2 worms
  9 orcs
  4 bats
  6 endoplasms
  2 giant cockroaches (D:1)
  18 goblins
  10 hobgoblins
  3 jackals (D:1)
  4 quokkas (D:1)
  14 ball pythons
  10 frilled lizards
  8 kobolds
  31 rats
167 creatures vanquished.

Notes
Turn   | Place    | Note
-------+----------+-------------------------------------------
     0 | D:1      | SKOLLIE the Human Fighter began the quest for the Orb.
     0 | D:1      | Reached XP level 1. HP: 18/18 MP: 1/1
   150 | D:1      | Reached XP level 2. HP: 19/24 MP: 2/2
   429 | D:1      | Reached XP level 3. HP: 29/29 MP: 3/3
  1032 | D:1      | Found a faded altar of an unknown god.
  1871 | D:2      | Reached XP level 4. HP: 35/35 MP: 4/4
  2603 | D:3      | Found a glowing drain.
  2627 | Sewer    | Entered a sewer
  2670 | Sewer    | Reached XP level 5. HP: 25/41 MP: 5/5
  2681 | Sewer    | Reached skill level 3 in Long Blades
  3001 | Sewer    | Reached XP level 6. HP: 20/47 MP: 6/6
  3412 | Sewer    | Reached skill level 1 in Dodging
  3489 | D:3      | Noticed Robin
  3516 | D:3      | Killed Robin
  3517 | D:3      | Reached XP level 7. HP: 45/54 MP: 7/7
  3604 | D:3      | Reached skill level 4 in Long Blades
  3943 | D:3      | Found a sparkling altar of Nemelex Xobeh.
  4548 | D:4      | Reached skill level 1 in Throwing
  4659 | D:4      | Reached XP level 8. HP: 35/56 MP: 8/8
  5328 | D:5      | Entered Level 5 of the Dungeon
  5363 | D:5      | Reached skill level 5 in Long Blades
  5378 | D:5      | Reached skill level 5 in Armour
  5631 | D:5      | Reached skill level 5 in Shields
  6070 | D:5      | Reached skill level 5 in Fighting
  6070 | D:5      | Reached skill level 6 in Long Blades
  6088 | D:5      | Found an iron altar of Okawaru.
  6089 | D:5      | Found an opulent altar of Gozag.
  6157 | D:5      | Became a worshipper of Warmaster Okawaru
  6315 | D:5      | Noticed a hornet
  6320 | D:5      | Paralysed by a hornet for 3 turns
  6332 | D:4      | Slain by a hornet

Illustrated notes

Levels and vault maps discovered:
D:1:      dpeg_arrival_fog, layout_basic, shapermc_ecumenical_altar_flowoftime,
          hangedman_abyss_or_decor_stabs, kennysheep_crisscross, minivault_14
D:2:      layout_basic, minmay_misc_feat_diagonals, grunt_decor_one_mirror,
          minmay_lizard_king
D:3:      layout_basic, mainiacjoe_overflow_24_doors, tso_oasis_becter,
          portal_sewer_entry_d, uniq_robin
D:4:      layout_basic, serial_forest, infiniplex_forest_straight_3,
          infiniplex_forest_lined_1, infiniplex_forest_clump_large,
          infiniplex_forest_straight_4, infiniplex_forest_clump_double,
          infiniplex_forest_3_way, infiniplex_forest_lined_room_2,
          infiniplex_forest_lined_2, st_stairs_6
D:5:      layout_loops_ring, mainiacjoe_overflow_divided_tiny, minmay_checkerbox

Skill      XL: |  1  2  3  4  5  6  7  8 |
---------------+-------------------------+-----
Long Blades    | 3 4 6 |  6.4
Shields        | 4 5 |  5.1
Armour         | 4 5 |  5.9
Dodging        | 1 |  1.6
Fighting       | 4 5 |  5.0
Throwing       | 1 |  1.3
Stealth        | |  0.8

Action                     |  1- 3 |  4- 6 |  7- 9 || total
---------------------------+-------+-------+-------++-------
  Melee: Long sword        |   119 |       |       ||   119
         Falchion          |     1 |   244 |   182 ||   427
  Throw: Javelin           |       |       |    15 ||    15
         Dart              |       |       |     1 ||     1
    Use: Scroll            |     7 |     9 |     3 ||    19
         Potion            |     1 |     6 |     4 ||    11
 Armour: Scale mail        |    59 |       |       ||    59
         Chain mail        |     5 |   295 |   113 ||   413
  Dodge: Dodged            |    54 |   161 |    99 ||   314
  Block: Buckler           |    29 |   138 |    70 ||   237
